[Event "Early-Titled-Tuesday-Blitz-October-24-2023"]
[Site "Chess.com"]
[Date "2023.10.24"]
[Round "5"]
[White "ExcitingTrap"]
[Black "Smiechu"]
[Result "1-0"]
[WhiteElo "2375"]
[BlackElo "2493"]
[TimeControl "180+1"]
[EndTime "8:56:23 PDT"]
[Termination "ExcitingTrap won by resignation"]

1. e4 c5 2. Nf3 g6 3. d4 cxd4 4.
Nxd4 Nc6 5. c4 Nf6 6. Nc3 Nxd4 7.
Qxd4 d6 8. Be3 Bg7 9. Qd2 O-O 10. Be2 a5 11. O-O-O a4 12. a3 Bd7 13. h4 h5 14.
f3 Rb8 15. g4 b5 16. cxb5 Qa5 17. Kb1 Rfc8 18. b6 Rxb6 19. Bxb6 Qxb6 20. g5 Ne8 21.
Nd5 Qd8 22. Rc1 Rb8 23. Rc2 e6 24. Nb4 Qb6 25. Rd1 Qb7 26. Ba6 Qb6 27. Bc4 Bb5 28.
Ba2 Kh7 29. f4 Rd8 30. f5 exf5 31. exf5 Be5 32. Bxf7 gxf5 33. Bxh5 Ng7 34. Bf7 f4 35. Qe1 Qe3 36. Qxe3 fxe3 37. Re1 Nf5 38. Bd5 Nd4 39. Be4+ Kg7 40. Rc7+ Kg8 41. Rxe3 d5 42. Bxd5+ Rxd5 43. Nxd5 Bxc7 44. Nxc7 Bc6 45. Kc1 Nf5 46. Re5 Nxh4 47. Ne6 Nf3 48. Rc5 Bd7 49. Nf4 Kg7 50. Rc7 Ne5 51.
Kd2 Kf7 52. Nd3 Nf3+ 53. Ke3 Nxg5 54. Rxd7+ Ke6 55. Nc5+ Ke5 56. Nxa4 Ne6 57. Nc3 Nc5 58. Rd5+ Ke6 59. Rxc5 Kd6 60. b4 1-0

[Event "Early-Titled-Tuesday-Blitz-October-24-2023"]
[Site "Chess.com"]
[Date "2023.10.24"]
[Round "5"]
[White "Susal_De_Silva"]
[Black "Predator0608"]
[Result "0-1"]
[WhiteElo "2721"]
[BlackElo "2523"]
[TimeControl "180+1"]
[EndTime "8:56:25 PDT"]
[Termination "Predator0608 won by resignation"]

1. d4 d5 2. c4 e6 3. Nf3 Nf6 4. g3 Bb4+ 5. Bd2 Be7 6. Bg2 O-O 7. Qc2 c6 8. O-O b6 9. Bf4 Ba6 10.
Nbd2 Nbd7 11. Rfc1 Rc8 12. e4 Nxe4 13. Nxe4 dxe4 14. Qxe4 Nf6 15. Qc2 c5 16. dxc5 Bxc5 17. Rd1 Qe7 18. Ne5 Bb7 19. Bg5 Bxg2 20. Kxg2 Qb7+ 21. f3 Be7 22. Rd2 Rfd8 23. Rad1 Rxd2+ 24. Qxd2 h6 25. Bh4 Rd8 26. Qxd8+ Bxd8 27. Rxd8+ Kh7 28. Bxf6 gxf6 29. Rd7 Qa6 30. Rxf7+ Kg8 31. Rxf6 Qxa2 32. f4 Qxb2+ 33. Kh3 a5 34. Rxe6 a4 35. f5 Qc2 36.
g4 a3 37. f6 a2 38. f7+ Kg7 39. Re8 Qb3+ 40. Kh4 Qb4 41. Rg8+ Kh7 42. Ng6 a1=Q 43. f8=Q Qae1+ 44. Kh5 Qa5+ 45. c5 Qxc5+ 46. Qxc5 bxc5 47. Rf8 Qd2 48. Rf7+ Kg8 49. Rf5 Qxh2+ 50. Nh4 Qd6 51. Nf3 Kg7 52. Ne5 Qd8 53. Rf7+ Kg8 54. Rf5 Qd6 55. Nf3 c4 56. g5 hxg5 57. Rxg5+ Kf8 58. Rf5+ Ke8 59. Re5+ Kd8 60. Re1 Qd3 61. Kg4 c3 62. Kf4 c2 63. Ne5 Qd2+ 0-1

[Event "Early-Titled-Tuesday-Blitz-October-24-2023"]
[Site "Chess.com"]
[Date "2023.10.24"]
[Round "5"]
[White "EvgenyBurmakin"]
[Black "Gyulamiryan-koryun"]
[Result "1-0"]
[WhiteElo "2336"]
[BlackElo "1956"]
[TimeControl "180+1"]
[EndTime "8:56:25 PDT"]
[Termination "EvgenyBurmakin won by resignation"]

1. e4 c5 2. Nc3 d6 3. Nf3 e6 4. d4 Nf6 5. dxc5 dxc5 6. Qxd8+ Kxd8 7. Bg5 Be7 8. O-O-O+ Bd7 9. e5 Ng4 10. Bxe7+ Kxe7 11.
Rd2 Nc6 12. Re2 Nd4 13. Nxd4 cxd4 14. h3 Nh6 15. Ne4 Bb5 16. Rd2 Bxf1 17. Rxf1 Rhd8 18. Rfd1 Rd5 19. Rxd4 Rad8 20. Rxd5 Rxd5 21. Rxd5 exd5 22. Nc5 b6 23. Nd3 Ke6 24. Kd2 Nf5 25. g4 Nd4 26. f4 g6 27. c3 Nc6 28. Ke3 a5 29. Ne1 g5 30. fxg5 Nxe5 31. b3 b5 32. Nd3 Nc6 33. Nf4+ Ke5 34. Nd3+ Kd6 35. a3 Ne7 36. h4 Ng6 37. h5 Ne7 38. Nf4 Ke5 39. Nd3+ Kd6 40. Kf4 Nc6 41. Kf5 Ne7+ 42. Kf6 d4 43. cxd4 Nc6 44. Kxf7 Nxd4 45. g6 Nxb3 46. g7 b4 47.
axb4 a4 48. g8=Q a3 49. Qd8+ Kc6 50. Ne5+ Kb5 51. Qd5+ Kxb4 52. Nc6+ Kc3 53. Qe5+ Kc4 54. Na5+ Kb4 55. Nxb3 Kxb3 56. Qa1 a2 57. Kg7 h6 58. Kh7 Ka3 59. Kxh6 Kb3 60. Kg7 Ka3 61. h6 Kb3 62. h7 Ka3 63. h8=Q Kb3 64. Qf8 1-0

[Event "Early-Titled-Tuesday-Blitz-October-24-2023"]
[Site "Chess.com"]
[Date "2023.10.24"]
[Round "5"]
[White "Aygehovit1992"]
[Black "koncheto"]
[Result "1-0"]
[WhiteElo "2659"]
[BlackElo "2539"]
[TimeControl "180+1"]
[EndTime "8:56:26 PDT"]
[Termination "Aygehovit1992 won by resignation"]

1. e4 c5 2. Nc3 e6 3. g3 g6 4. Bg2 Bg7 5. d3 Nc6 6. Be3 Nd4 7. f4 d6 8. Nf3 Ne7 9. O-O Nec6 10. e5 dxe5 11. Nxe5 Nxe5 12. fxe5 O-O 13. Ne4 Bxe5 14. Nxc5 Qc7 15. Ne4 Bd7 16. c3 Nf5 17. Bf4 Bxf4 18. Rxf4 Ne3 19. Nf6+ Kg7 20. Qe2 Nxg2 21.
Kxg2 Bc6+ 22. Kg1 e5 23. Rf2 Rad8 24. Raf1 Qd6 25. Qe3 Qe6 26. h4 Qh3 27. Rh2 Qe6 28. h5 Rh8 29. h6+ Kf8 30. Rhf2 Ke7 31. Kh2 Rhf8 32.
Nxh7 Rh8 33. Rxf7+ Qxf7 34. Rxf7+ Kxf7 35. Ng5+ Kf6 36. h7 Rdf8 37. g4 Re8 38. Kg3 Kg7 39. d4 exd4 40.
Qxd4+ Kh6 41. Nf7+ Kxh7 42. Nxh8 Rxh8 43. Qxa7 Re8 44. Qd4 Kg8 45. g5 Kf7 46. Qf6+ Kg8 47.
Qxg6+ Kf8 48. Qf6+ Kg8 49. g6 Rf8 50. Qe6+ Kg7 51.
a4 Rf6 52. Qe5 Kxg6 53. a5 Rf3+ 54. Kg4 Rf6 55. Qh5+ Kg7 56. Qc5 Kg6 57. b4 Kg7 58. b5 Bf3+ 59. Kg3 Kg6 60. Qd4 Bh1 61. Qd3+ Kg7 62.
Qd7+ Kg6 63. Qg4+ Kh6 64. Qh4+ Kg7 65. Qxh1 Rg6+ 66. Kf4 Rf6+ 67. Ke5 1-0

[Event "Early-Titled-Tuesday-Blitz-October-24-2023"]
[Site "Chess.com"]
[Date "2023.10.24"]
[Round "5"]
[White "jaskol95"]
[Black "cthulhuuu"]
[Result "0-1"]
[WhiteElo "2549"]
[BlackElo "2413"]
[TimeControl "180+1"]
[EndTime "8:56:26 PDT"]
[Termination "cthulhuuu won by checkmate"]

1. e4 d6 2. d4 Nf6 3. Nc3 c6 4. f4 Qb6 5. Nf3 Bg4 6. h3 Bxf3 7. Qxf3 e6 8. Bd3 d5 9. e5 Nfd7 10. O-O g6 11. Ne2 c5 12. c3 Nc6 13. Be3 c4 14. Bc2 Qxb2 15. Ba4 Nb6 16. Rab1 Qa3 17. Bc2 O-O-O 18. Bc1 Qa5 19. a4 a6 20. Bd2 Rd7 21. Kh2 h5 22. g3 Ne7 23. Rb2 Nf5 24. Rfb1 Na8 25. Nc1 Ba3 26. Ra2 Be7 27. Kg2 h4 28. g4 Nxd4 29. cxd4 Qxd2+ 30. Ne2 Qa5 31. Kh1 Rc7 32.
f5 gxf5 33. gxf5 Qd2 34. fxe6 fxe6 35. Rd1 Qg5 36. Nf4 Rf8 37. Rf1 Bd8 38. Qg2 Qxg2+ 39.
Kxg2 Rg7+ 40. Kf3 Bg5 41. Rb2 Rxf4+ 42. Ke2 Rxf1 43. Kxf1 Rf7+ 44. Kg2 Rf4 45. Bg6 Rxd4 46. Kf3 Rf4+ 47. Kg2 Rf8 48. a5 Bf4 49. Rf2 Rg8 50. Rf3 Rxg6+ 51. Kh1 Bxe5 52. Rf8+ Kc7 53. Rc8+ Kd7 54.
Rd8+ Ke7 55. Rd7+ Kf8 56. Rd8+ Kg7 57. Rg8+ Kh7 58. Rf8 Bg7 59. Rf4 c3 60. Rxh4+ Rh6 61. Rg4 Rxh3+ 62. Kg2 c2 63. Kxh3 c1=Q 64. Rg3 Qh6+ 65.
Kg2 Qd2+ 66. Kg1 Bd4+ 67. Kf1 Qf2# 0-1

[Event "Early-Titled-Tuesday-Blitz-October-24-2023"]
[Site "Chess.com"]
[Date "2023.10.24"]
[Round "5"]
[White "zajka-molotok"]
[Black "twitchTriniCupid"]
[Result "1-0"]
[WhiteElo "2555"]
[BlackElo "2323"]
[TimeControl "180+1"]
[EndTime "8:56:26 PDT"]
[Termination "zajka-molotok won by resignation"]

1. e4 c6 2. d4 d5 3. exd5 cxd5 4. Bd3 Nf6 5. h3 g6 6. Nf3 Nc6 7. c3 Bg7 8. O-O O-O 9. Re1 Bf5 10. Bf1 Ne4 11.
Bf4 h6 12. Nbd2 g5 13. Bh2 Qd7 14. Re3 e6 15. Bd3 Nxd2 16. Qxd2 Rfe8 17. Rae1 a6 18.
R3e2 b5 19. Bxf5 exf5 20. Ne5 Nxe5 21. Bxe5 f6 22. Bh2 Kf7 23. Qd3 Rxe2 24. Rxe2 f4 25. f3 Re8 26. Kf1 Rxe2 27. Qxe2 Qe6 28. Bg1 f5 29.
Qxe6+ Kxe6 30. Ke2 Kd6 31. Kd3 Kc6 32. b3 a5 33. a4 bxa4 34. bxa4 Bf8 35. Bf2 Bd6 36. Be1 Kb6 37. Bd2 Bc7 38. Bc1 Bd6 39.
Bb2 Kc6 40. c4 Bb4 41. Bc1 Bd6 42. Bd2 Bc7 43. Bc3 Bd8 44. Bb2 Be7 45. Bc3 Bd8 46. Bd2 Bc7 47. Bc1 Bd6 48. c5 Bc7 49. Bd2 Bd8 50. Bc3 Bc7 51. Ke2 Bd8 52. Kf2 Bc7 53. Kg1 Kd7 54. Kh2 Ke6 55. Bd2 h5 56. Kg1 g4 57. hxg4 fxg4 58. Kf2 Kf5 59. Ke2 h4 60.
fxg4+ Kxg4 61. Kf2 Bd8 62. Bc3 Bc7 63. Bb2 Bd8 64.
Ba3 Bf6 65. Bb2 Bg7 66. Bc3 Bf6 67. Bb2 Bd8 68. Bc1 Bc7 69. Bd2 Bd8 70. Bc3 Bc7 71.
Ke2 f3+ 72. gxf3+ Kf4 73. Bd2+ Kg3 74. Be1+ Kh3 75. Ke3 Bd8 76. f4 Kg2 77. Bxh4 Bxh4 78. c6 Bd8 79. f5 Kg3 80. f6 Bxf6 81. c7 1-0

[Event "Early-Titled-Tuesday-Blitz-October-24-2023"]
[Site "Chess.com"]
[Date "2023.10.24"]
[Round "5"]
[White "vishwa_vijeta"]
[Black "Josgar05"]
[Result "1-0"]
[WhiteElo "2533"]
[BlackElo "2360"]
[TimeControl "180+1"]
[EndTime "8:56:27 PDT"]
[Termination "vishwa_vijeta won by checkmate"]

1. e4 e6 2. d4 d5 3. Nd2 dxe4 4. Nxe4 Nd7 5. Nf3 Ngf6 6. Nxf6+ Nxf6 7. c3 Be7 8. Bd3 O-O 9. O-O c5 10. Qc2 cxd4 11.
Nxd4 h6 12. Rd1 Bd7 13. Bf4 a6 14. h3 Rc8 15. Nf3 Qb6 16. Ne5 Bb5 17. c4 Bc6 18. Qe2 Bc5 19. Rac1 Rfd8 20. a3 a5 21. Bc2 a4 22. Nd3 Be7 23. Be3 Qc7 24. Nb4 Be4 25.
Bxa4 Qa5 26. Bb5 Bxb4 27. axb4 Qxb4 28. Bd4 Bg6 29. Qf3 Qe7 30. Bxf6 gxf6 31. Qe3 Kh7 32.
Qb6 Rxd1+ 33. Rxd1 Be4 34. Rd7 Qb4 35. Rxf7+ Kg6 36. Qxe6 Qe1+ 37. Kh2 Qxf2 38. Qxe4+ Kxf7 39. Qxb7+ Kg6 40. Qxc8 Qf4+ 41. Kg1 Qe3+ 42. Kf1 Qc1+ 43. Ke2 Qxb2+ 44. Ke3 Qc3+ 45. Ke4 Qe5+ 46. Kf3 Qc3+ 47.
Kf2 Qd2+ 48. Kf1 Qd1+ 49. Kf2 Qd2+ 50. Kf3 Qd3+ 51. Kf4 Qd4+ 52. Kg3 Qe5+ 53. Kf3 Qc3+ 54. Ke4 Qe5+ 55. Kd3 Qg3+ 56. Kd4 Qe5+ 57. Kd3 Qg3+ 58. Kc2 Qxg2+ 59. Kb3 Qf3+ 60. Kb4 h5 61. Qg8+ Kf5 62. Qd5+ Qxd5 63. cxd5 Ke5 64. Kc5 f5 65. d6 f4 66. d7 f3 67. d8=Q f2 68. Qf8 f1=Q 69. Bxf1 Ke4 70. Kc4 Ke5 71. Kd3 Ke6 72. Kd4 h4 73. Bc4+ Kd7 74. Kc5 Kc7 75. Qe7+ Kb8 76. Kb6 Ka8 77. Qd8# 1-0

[Event "Early-Titled-Tuesday-Blitz-October-24-2023"]
[Site "Chess.com"]
[Date "2023.10.24"]
[Round "5"]
[White "Thunderbolt135"]
[Black "GlavkonVVS"]
[Result "1/2-1/2"]
[WhiteElo "2751"]
[BlackElo "2530"]
[TimeControl "180+1"]
[EndTime "8:56:28 PDT"]
[Termination "Game drawn - insufficient material"]

1. g3 Nf6 2. Bg2 d5 3. c4 c6 4.
Nf3 e6 5. O-O Be7 6. d4 O-O 7.
Qc2 Nbd7 8. Nbd2 b6 9. b3 Bb7 10. Bb2 c5 11. dxc5 bxc5 12. e3 Qc7 13. Rfd1 Rfd8 14.
Nb1 dxc4 15. Qxc4 Nb6 16. Rxd8+ Rxd8 17. Qe2 Ne4 18. Nc3 c4 19. Rc1 Nxc3 20. Bxc3 cxb3 21.
axb3 Bd5 22. e4 Bxb3 23. Qb2 Rd1+ 24. Rxd1 Bxd1 25. Bxg7 Nc4 26. Qa1 Bxf3 27. Bxf3 Qa5 28. Qxa5 Nxa5 29. Bc3 Nc6 30. Be2 Bb4 31. Bb2 a5 32.
Bb5 Ne7 33. f4 Nc8 34. Bd4 Nd6 35. Bc6 Nc4 36. Kf2 Ba3 37. Ke2 Bb2 38. Bc5 Ba3 39. Bd4 Bb2 40. Bc5 Ba3 41. Bxa3 Nxa3 42. Kd3 Kf8 43.
Kc3 Nb1+ 44. Kc2 Na3+ 45. Kd3 Ke7 46. e5 f6 47. h4 fxe5 48. fxe5 h6 49. g4 Kf7 50. h5 Ke7 51. Ba4 Kf7 52. Bb3 Nb5 53.
Kc4 Nc7 54. Kc5 Ke7 55. Kb6 Nd5+ 56. Kxa5 Ne3 57. g5 hxg5 58. h6 Kf7 59. Bxe6+ Kg6 60. Bd7 Kxh6 61. Kb4 Kg6 62. Kc3 Nd5+ 63. Kd4 Ne7 64.
Bg4 Kf7 65. Kc5 Kg6 66. Kd6 Kf7 67. Kd7 Kf8 68. Ke6 Nc6 69. Kf6 Nxe5 70. Kxe5 Kg7 71.
Kf5 Kh6 72. Kf6 Kh7 73. Kxg5 1/2-1/2

[Event "Early-Titled-Tuesday-Blitz-October-24-2023"]
[Site "Chess.com"]
[Date "2023.10.24"]
[Round "5"]
[White "nihalsarin"]
[Black "ozates"]
[Result "1-0"]
[WhiteElo "3120"]
[BlackElo "2733"]
[TimeControl "180+1"]
[EndTime "8:56:32 PDT"]
[Termination "nihalsarin won on time"]

1. a3 c5 2. e3 g6 3. d4 cxd4 4. exd4 Bg7 5. Nf3 Nf6 6. h3 O-O 7. Bd3 d6 8. O-O Nc6 9. Re1 Re8 10. c3 e5 11. Bg5 h6 12. Bxf6 Qxf6 13. Nbd2 Bf5 14. dxe5 dxe5 15. Bxf5 gxf5 16. Qb3 Rad8 17. Nf1 e4 18. Nd4 Nxd4 19. cxd4 Qxd4 20. Qxb7 Qxb2 21.
Rab1 Qxa3 22. Ng3 e3 23. fxe3 Rxe3 24. Nh5 Bd4 25. Rxe3 Qxe3+ 26. Kh1 Qg5 27. Qf3 Bb6 28.
Ng3 Qe3 29. Qxe3 Bxe3 30. Nxf5 Bd2 31. Rb7 a5 32. Ra7 Re8 33. g4 Re2 34. Ra6 Re6 35. Ra7 Re2 36. Ra6 Re6 37. Ra8+ Kh7 38. Kg2 Bb4 39.
Kf3 Rc6 40. h4 Rc3+ 41. Ke4 Rc4+ 42. Kf3 Rc3+ 43. Ke2 Rc2+ 44. Kd3 Rg2 45. Ra6 Rxg4 46. Rxh6+ Kg8 47. Ra6 Rg6 48. Ra8+ Kh7 49. Ra7 Kg8 50. h5 Rg5 51. Nh6+ Kh7 52. Nxf7 Rxh5 53. Ke4 Rh1 54. Ne5+ Kh6 55. Ra8 Re1+ 56. Kf5 Rf1+ 57. Ke6 Re1 58. Kf5 Rf1+ 59. Ke4 Re1+ 60. Kd5 Rd1+ 61. Kc4 Rc1+ 62.
Kd3 Rd1+ 63. Kc2 Rd2+ 64. Kb3 Re2 65. Ra6+ Kg5 66. Nf7+ Kf4 67. Kc4 Ke3 68. Ne5 Kd2 69. Nf3+ Kc2 70. Nd4+ Kd2 71. Rg6 Re4 72. Kd5 Rxd4+ 73.
Kxd4 Ke2 74. Ke4 Kd2 75. Kd4 Ke2 76. Rg2+ Kf3 77. Rb2 Kf4 78. Rf2+ Kg3 79. Rf7 Be1 80. Ke3 Bb4 81. Rg7+ Kh4 82. Kf4 Kh5 83. Kf5 Bd2 84. Rg2 Be1 85. Rh2+ Bh4 86. Rh1 a4 87. Rh3 a3 88. Rxa3 1-0

[Event "Early-Titled-Tuesday-Blitz-October-24-2023"]
[Site "Chess.com"]
[Date "2023.10.24"]
[Round "5"]
[White "BardArtem"]
[Black "Ind1anStar"]
[Result "1-0"]
[WhiteElo "2691"]
[BlackElo "2489"]
[TimeControl "180+1"]
[EndTime "8:56:32 PDT"]
[Termination "BardArtem won by resignation"]

1. e4 g6 2. d4 Bg7 3. Nc3 d6 4. h3 a6 5. a4 Nf6 6. Nf3 O-O 7. Be2 Nbd7 8. e5 Ne8 9. Bf4 c5 10. dxc5 Nxc5 11. O-O Bf5 12. Re1 dxe5 13. Bxe5 Qxd1 14.
Raxd1 Bxc2 15. Rc1 Bb3 16. Bxg7 Nxg7 17. Nd4 Rfd8 18.
Nxb3 Nxb3 19. Rcd1 Nd4 20. Bd3 Nge6 21. Be4 Rab8 22.
Bd5 b5 23. axb5 axb5 24. Re4 b4 25. Bxe6 bxc3 26. Rexd4 Rxd4 27. Rxd4 cxb2 28. Ba2 b1=Q+ 29. Bxb1 Rxb1+ 30. Kh2 Kg7 31. Rd7 e6 32. Ra7 Rb2 33. Kg3 h5 34. h4 Kf6 35. Ra4 e5 36. Ra7 Rb3+ 37. Kh2 Ke6 38. Ra6+ Kf5 39. Ra7 f6 40.
Rg7 e4 41. Rg8 Rb2 42. Kg3 Rb3+ 43. Kh2 e3 44. fxe3 Rxe3 45. Rg7 Re4 46. Kh3 Re3+ 47. Kh2 g5 48. hxg5 fxg5 49. Ra7 Re4 50. Ra5+ Kg4 51. Ra3 h4 52. Ra8 Rc4 53. Ra2 Rc5 54. Ra4+ Kh5 55.
Ra8 Rd5 56. Ra3 g4 57. Ra8 Rd1 58. Ra5+ Kg6 59. Ra6+ Kf5 60. Ra5+ Kf4 61. Ra4+ Kf5 62. Ra5+ Ke4 63. Rh5 g3+ 64. Kh3 Rh1+ 65. Kg4 Rh2 66. Rxh4 Rxh4+ 67. Kxh4 Kf4 68. Kh3 Kf5 69. Kh4 Kf4 70.
Kh5 Ke3 71. Kg4 Ke4 72. Kxg3 Kf5 73. Kh4 Kg6 74. Kg4 1-0

[Event "Early-Titled-Tuesday-Blitz-October-24-2023"]
[Site "Chess.com"]
[Date "2023.10.24"]
[Round "5"]
[White "dimitrisl"]
[Black "Noki102"]
[Result "0-1"]
[WhiteElo "2554"]
[BlackElo "2428"]
[TimeControl "180+1"]
[EndTime "8:56:36 PDT"]
[Termination "Noki102 won by resignation"]

1. e4 e5 2. Nf3 Nc6 3. Bb5 a6 4. Ba4 g6 5. c3 Bg7 6. O-O Nge7 7. d4 b5 8. Bb3 exd4 9. cxd4 Na5 10.
Bd2 Nxb3 11. Qxb3 O-O 12. d5 d6 13. Bc3 f6 14. Nbd2 Rf7 15. Rac1 c5 16. dxc6 Nxc6 17.
Rfd1 Qe7 18. Bb4 Be6 19. Qa3 Nxb4 20. Qxb4 d5 21. Qxe7 Rxe7 22. exd5 Bxd5 23. b3 Bh6 24. Re1 Rae8 25. Rxe7 Rxe7 26. Rd1 Kf7 27. Kf1 Bb7 28. Nb1 b4 29. Nbd2 a5 30. Nc4 Ba6 31. Rd6 Re6 32. Rd7+ Re7 33. Rxe7+ Kxe7 34. Ke2 Bxc4+ 35. bxc4 a4 36.
Kd3 f5 37. Nd4 Kd6 38. Nc2 Kc5 39. Nd4 b3 40. axb3 a3 41. Nc2 a2 42. b4+ Kc6 43.
c5 Bg7 44. Kc4 a1=Q 45. b5+ Kc7 46. Nxa1 Bxa1 47. Kd5 Bc3 48. f3 Be1 49. g4 f4 50.
Ke5 Bf2 51. Kxf4 Bxc5 52. Kg5 Bf8 53. Kf6 Bh6 54. h4 Kb6 55. h5 gxh5 56. gxh5 Bf4 57.
Kf5 Be3 58. Ke6 Kxb5 59. Ke5 Kc6 60. f4 Kd7 61. Kf5 Ke8 62. Kg5 Kf7 63. Kh6 Kg8 64. Kg5 Kg7 65. h6+ Kf7 66. Kf5 Bd4 67. Kg5 Bf6+ 68. Kf5 Be7 69. Ke5 Kg6 70. Ke6 Bh4 71.
f5+ Kxh6 72. f6 Be1 73. f7 Bb4 0-1

[Event "Early-Titled-Tuesday-Blitz-October-24-2023"]
[Site "Chess.com"]
[Date "2023.10.24"]
[Round "5"]
[White "Elsa167"]
[Black "Duhless"]
[Result "1/2-1/2"]
[WhiteElo "2871"]
[BlackElo "3084"]
[TimeControl "180+1"]
[EndTime "8:56:37 PDT"]
[Termination "Game drawn by repetition"]

1. d4 Nf6 2. c4 e6 3. Nf3 Bb4+ 4. Nbd2 b6 5. a3 Bxd2+ 6. Qxd2 O-O 7. e3 d5 8. b3 c5 9. Bb2 Ba6 10. Bd3 Nc6 11.
cxd5 Bxd3 12. dxc6 c4 13. Ne5 Ne4 14. Qd1 Qg5 15. Qf3 Nd6 16. Nxd3 cxd3 17. O-O Rac8 18. Rfd1 Qb5 19. a4 Qxb3 20. Ba3 Rfd8 21. Bxd6 Rxd6 22. Qe4 Rdxc6 23. Qxd3 Rc3 24. Qb5 h6 25. g3 Qc2 26.
a5 bxa5 27. Qxa5 R8c7 28. Qa4 Qe4 29. Qb5 Kh7 30. Qf1 Rc2 31. Qg2 Qf5 32. Qf1 Rb7 33. Rac1 Rbb2 34. Rxc2 Qxc2 35. Qd3+ Qxd3 36. Rxd3 a5 37.
Rc3 Rb5 38. Rc7 Kg6 39. Ra7 e5 40. dxe5 Rxe5 41. Kg2 Rb5 42. f4 h5 43. Kf3 Kf6 44. h3 g6 45. g4 hxg4+ 46. hxg4 g5 47. Ke4 gxf4 48. exf4 Rb4+ 49. Kf3 a4 50. g5+ Kg6 51. Kg4 Kg7 52. Kf5 Rb5+ 53. Ke4 Rb4+ 54. Ke5 Rb5+ 55.
Ke4 Rb4+ 56. Kf5 Rc4 57. Ke5 Rc5+ 58. Kd4 Rf5 59. Ke4 Rb5 60. Rxa4 Rc5 61. Ra6 Rb5 62. Kf3 Rb1 63. Kg4 Rg1+ 64. Kf5 Rb1 65. Ra4 Rb5+ 66. Kg4 Rb7 67. f5 Rb1 68. Ra7 Rg1+ 69. Kf4 Rf1+ 70. Ke5 Re1+ 71. Kd4 Rd1+ 72. Ke3 Re1+ 73. Kf4 Rf1+ 74. Kg4 Rg1+ 75. Kf4 Rf1+ 1/2-1/2

[Event "Early-Titled-Tuesday-Blitz-October-24-2023"]
[Site "Chess.com"]
[Date "2023.10.24"]
[Round "5"]
[White "MikeSailer"]
[Black "AnaKuchava"]
[Result "1/2-1/2"]
[WhiteElo "2038"]
[BlackElo "2225"]
[TimeControl "180+1"]
[EndTime "8:56:39 PDT"]
[Termination "Game drawn by repetition"]

1. d4 d5 2. Bf4 c5 3. e3 cxd4 4. exd4 Nc6 5. Nc3 Bf5 6. Nf3 e6 7. Bb5 Bd6 8. Ne5 Rc8 9. O-O Nf6 10. Ne2 h6 11. Ng3 Bh7 12. Nh5 Nxh5 13. Qxh5 O-O 14. c3 Nxe5 15. dxe5 Be7 16. Rad1 Bg5 17. Bg3 Bg6 18.
Qe2 Qb6 19. Bd3 Bxd3 20. Rxd3 Rc4 21. Kh1 Rfc8 22. f4 Be7 23. f5 Re4 24. Qf2 Qxf2 25. Bxf2 Rxe5 26. fxe6 fxe6 27. Bxa7 Re2 28. Re3 Rxe3 29.
Bxe3 Rc4 30. Kg1 b5 31. a3 Re4 32. Kf2 Bd6 33. g3 e5 34. Rd1 d4 35. cxd4 exd4 36. Rxd4 Re6 37. Rd5 b4 38. a4 Be7 39. a5 Ra6 40. Bb6 Kf7 41. Rd7 Ke6 42. Rb7 g5 43.
Ke2 Bd6 44. Kd3 Kd5 45. b3 Kc6 46. Rh7 Bc5 47. Bxc5 Kxc5 48. h4 gxh4 49. gxh4 Kb5 50. Rf7 Kxa5 51. Rf5+ Kb6 52. h5 Kc7 53. Rf7+ Kd8 54.
Rg7 Re6 55. Kc4 Re4+ 56. Kb5 Re5+ 57. Kxb4 Rxh5 58. Kc4 Rg5 59. Rh7 h5 60. b4 Kc8 61.
b5 Kb8 62. Kb4 Rg4+ 63. Ka5 h4 64. Kb6 Rg6+ 65. Ka5 Rg4 66. b6 Rg1 67. Rxh4 Ra1+ 68.
Kb5 Rb1+ 69. Ka5 Ra1+ 70. Kb5 Rb1+ 71. Ka5 Ra1+ 1/2-1/2

[Event "Early-Titled-Tuesday-Blitz-October-24-2023"]
[Site "Chess.com"]
[Date "2023.10.24"]
[Round "5"]
[White "Aslanov_Umid"]
[Black "Matols"]
[Result "1-0"]
[WhiteElo "2571"]
[BlackElo "2408"]
[TimeControl "180+1"]
[EndTime "8:56:47 PDT"]
[Termination "Aslanov_Umid won on time"]

1. e4 e6 2. d4 d5 3. Nd2 c5 4. exd5 Qxd5 5. Ngf3 cxd4 6. Bc4 Qd6 7. O-O Nf6 8. Nb3 Nc6 9. Nbxd4 Nxd4 10. Nxd4 Be7 11.
Re1 O-O 12. c3 Rd8 13. Qf3 Qc7 14. Bb3 a5 15. Bg5 a4 16. Bd1 Ra5 17. Bh4 Nd5 18.
Bxe7 Nxe7 19. Qg3 Qxg3 20. hxg3 e5 21. Nc2 Nc6 22. Bf3 f6 23. Rad1 Rxd1 24. Rxd1 Kf7 25. Kf1 Be6 26. a3 Ke7 27. Nb4 Nxb4 28. axb4 Ra7 29.
Be2 a3 30. bxa3 Rxa3 31. Rc1 Rb3 32. Bb5 b6 33. Ke2 Rb2+ 34. Ke3 Bd5 35. Rd1 Ke6 36. c4 Bxg2 37. Bd7+ Ke7 38. c5 Rxb4 39. c6 Rc4 40.
Ra1 Bxc6 41. Bxc6 Rxc6 42. Ra7+ Ke6 43. Rxg7 b5 44. Rb7 Rc3+ 45. Kd2 Rb3 46. Rxh7 Rb2+ 47. Ke3 b4 48. Rb7 b3 49. f4 exf4+ 50. Kxf4 Rb1 51.
Rb6+ Ke7 52. Kf5 Rf1+ 53. Kg4 Rb1 54. Kf5 b2 55. Rb7+ Kd6 56. Kg6 Ke5 57. Rb5+ Ke4 58.
g4 Kf4 59. Rb4+ Kg3 60. Kg7 Kh4 61. Kg6 Kg3 62. Kf7 Kg2 63. Kg7 Kg3 64. Kg6 Kh4 65.
g5+ Kg3 66. gxf6 Kh3 67. f7 Rg1+ 68. Kh6 Rf1 69. Kg7 Rg1+ 70. Kh8 Rf1 71. Rb3+ Kh4 72. Kg8 Rg1+ 73. Kh7 Rf1 74. Kg6 Rg1+ 75. Kh6 Rf1 76.
Rb4+ Kh3 77. Kg6 Rg1+ 78. Kh5 Rf1 79. Rb3+ 1-0

[Event "Early-Titled-Tuesday-Blitz-October-24-2023"]
[Site "Chess.com"]
[Date "2023.10.24"]
[Round "5"]
[White "OPQRC"]
[Black "crazy_m_attack"]
[Result "1-0"]
[WhiteElo "2587"]
[BlackElo "2443"]
[TimeControl "180+1"]
[EndTime "8:56:48 PDT"]
[Termination "OPQRC won on time"]

1. e4 e5 2. Nf3 Nc6 3. d4 exd4 4. Nxd4 Nf6 5. Nc3 Bb4 6. Nxc6 bxc6 7. Bd3 d5 8. exd5 O-O 9. O-O cxd5 10. Bg5 c6 11. Qf3 Bd6 12. h3 Rb8 13. Na4 h6 14. Bh4 Rb4 15.
Bxf6 Qxf6 16. Qxf6 gxf6 17. b3 Be6 18. Rad1 c5 19.
Be2 d4 20. Nb2 Re8 21. Rfe1 Rb6 22. Bc4 Be5 23. Bxe6 Rbxe6 24. Kf1 Bc7 25. Nd3 Bd6 26. Rxe6 fxe6 27. Nb2 e5 28. Nc4 Bc7 29. f3 Kf7 30. Ke2 f5 31. g4 e4 32. gxf5 exf3+ 33. Kxf3 Kf6 34. Rg1 Kxf5 35. Rg7 Bb8 36. Rb7 Rf8 37.
Rb5 Ke6+ 38. Ke2 Kd5 39. Rb7 Bg3 40. Rd7+ Ke6 41. Rxa7 Rf2+ 42. Kd3 Rh2 43. Ra6+ Kf5 44. Rxh6 Rh1 45. Nb2 Bf4 46. Rh5+ Bg5 47. Kc4 Kg6 48. Rh8 Rc1 49. Kd3 Rb1 50. Na4 Rd1+ 51. Kc4 Rd2 52. Rg8+ Kh5 53. Nxc5 Rxc2+ 54. Kxd4 Rxa2 55.
Ne4 Bh6 56. Ng3+ Kh4 57. Nf5+ Kh5 58. Rh8 Kg5 59. Nxh6 Rd2+ 60. Kc3 Rh2 61. b4 Rxh3+ 62. Kc4 Rh4+ 63. Kc5 Kg6 64. b5 Rh2 65. Kb6 Rc2 66.
Ng4 Kf5 67. Rd8 Kxg4 68. Kb7 Kf5 69. b6 Ke6 70. Rd1 Rc3 71. Kb8 Ke7 72. b7 Rb3 73. Rc1 Kd7 74. Rd1+ Ke7 75. Rd4 Rb5 76. Kc7 1-0

[Event "Early-Titled-Tuesday-Blitz-October-24-2023"]
[Site "Chess.com"]
[Date "2023.10.24"]
[Round "5"]
[White "MatyChess1"]
[Black "Casper"]
[Result "1/2-1/2"]
[WhiteElo "2745"]
[BlackElo "2463"]
[TimeControl "180+1"]
[EndTime "8:56:51 PDT"]
[Termination "Game drawn by repetition"]

1. d4 Nf6 2. Bf4 d6 3. Nf3 g6 4. h3 Bg7 5. e3 O-O 6. Be2 c5 7. c3 cxd4 8. cxd4 b6 9. Nc3 Bb7 10. O-O Nbd7 11. Nd2 a6 12. Bf3 Ra7 13. Rc1 Qa8 14.
Bg5 b5 15. Bxb7 Rxb7 16. Qf3 Nb6 17. Bxf6 Bxf6 18. Nd5 Nxd5 19. Qxd5 Rc8 20. Ne4 Ra7 21. Nxf6+ exf6 22. Qxd6 Kg7 23. Rc5 Rd8 24. Qf4 Re7 25.
Rfc1 Re4 26. Qf3 f5 27. Rc7 Qd5 28. b3 Rd7 29. R7c5 Qd6 30. Rc6 Qa3 31. R1c2 a5 32. g4 Qe7 33. gxf5 Qg5+ 34. Kf1 Qxf5 35. Qxf5 gxf5 36.
R2c5 f4 37. Rg5+ Kf8 38. Rg4 a4 39. bxa4 bxa4 40. Ra6 Rb7 41. Rxf4 Rxf4 42. exf4 Rb4 43. d5 Rxf4 44. d6 Rd4 45. Ke2 Ke8 46. Ke3 Rd1 47.
Ra8+ Kd7 48. Rxa4 Re1+ 49. Kd2 Ra1 50. Ra6 Rh1 51. Ra7+ Kxd6 52. Rxf7 Rxh3 53. a4 Ra3 54. Rxh7 Rxa4 55. Rf7 Ke6 56. Rf3 Ra2+ 57. Ke1 Ra1+ 58. Ke2 Ra2+ 59. Kf1 Ra5 60. Kg2 Rg5+ 61. Kh3 Rh5+ 62.
Kg4 Ra5 63. Rf8 Ke7 64. Rf5 Ra1 65. f3 Rg1+ 66. Kf4 Ke6 67. Rf8 Ke7 68. Rf5 Ke6 69. Ra5 Kf6 70. Ra6+ Kf7 71. Kf5 Rb1 72. Ra7+ Kf8 73.
Kg5 Rb5+ 74. Kg4 Rb4+ 75. Kg5 Rb5+ 76. Kg4 Rb4+ 77. f4 Rb1 78. Kg5 Rb5+ 79. Kg6 Rb6+ 80. Kg5 Rb5+ 81. Kg4 Rb4 82. Kg3 Rb3+ 83. Kf2 Rb4 84.
Kf3 Rb3+ 85. Ke4 Rb4+ 86. Kf5 Rb5+ 87. Kg6 Rb6+ 88. Kg5 Rb5+ 1/2-1/2